 Dungeon Crawl Stone Soup version 0.28.0-45-g0d030f2227 (webtiles) character file.

Game seed: 10623539100383821188

442 101zpm the Gusty (level 7, -2/50 HPs)
             Began as a Gnoll Air Elementalist on Apr 22, 2022.
             Slain by an ogre
             ... wielding a +0 giant club
              (29 damage)
             ... on level 3 of the Dungeon.
             The game lasted 00:18:38 (5370 turns).

101zpm the Gusty (Gnoll Air Elementalist)           Turns: 5370, Time: 00:18:38

Health: -2/50      AC:  3    Str:  7    XL:     7   Next: 2%
Magic:  8/15       EV: 14    Int: 16    God:
Gold:   114        SH:  0    Dex: 13    Spells: 2/17 levels left

rFire   . . .      SeeInvis .     - Unarmed
rCold   . . .      Faith    .   (no shield)
rNeg    . . .      Spirit   .   a - +0 robe
rPois   .          Reflect  .   m - +0 helmet
rElec   .          Harm     .   (no cloak)
rCorr   .          Rampage  .   (no gloves)
Will    .....                   (no boots)
Stlth   +++.......              (no amulet)
HPRegen 0.16/turn               (no ring)
MPRegen 0.14/turn               (no ring)

@: no status effects
A: fangs 1, strong nose, distributed training
a: no special abilities


You were on level 3 of the Dungeon.
You visited 1 branch of the dungeon, and saw 5 of its levels.

You collected 114 gold pieces.

Inventory:

Hand Weapons
 j - a +0 dagger
 k - a +0 dagger
Missiles
 f - 3 javelins
 i - a throwing net
Armour
 a - a +0 robe (worn)
 m - a +0 helmet (worn)
 x - a +0 kite shield
Jewellery
 g - a ring of ice
Scrolls
 b - 8 scrolls of identify {unknown}
 d - a scroll of enchant armour {unknown}
 e - 2 scrolls of fog {unknown}
 n - a scroll of acquirement {unknown}
 o - a scroll of brand weapon {unknown}
 q - a scroll of noise {unknown}
 t - a scroll of holy word {unknown}
 w - a scroll of teleportation {unknown}
Potions
 c - 3 potions of cancellation {unknown}
 h - a potion of haste {unknown}
 p - a potion of heal wounds {unknown}
 r - a potion of curing {unknown}
 s - a potion of lignification {unknown}
 u - a potion of attraction {unknown}
 v - a potion of flight {unknown}


   Skills:
 + Level 2.2 Fighting
 + Level 2.2 Short Blades
 + Level 2.2 Long Blades
 + Level 2.2 Axes
 + Level 2.2 Maces & Flails
 + Level 2.2 Polearms
 + Level 2.2 Staves
 + Level 2.2 Slings
 + Level 2.2 Bows
 + Level 2.2 Crossbows
 + Level 2.2 Throwing
 + Level 2.2 Armour
 + Level 5.1 Dodging
 + Level 4.7 Stealth
 + Level 2.2 Shields
 + Level 2.2 Unarmed Combat
 + Level 5.5 Spellcasting
 + Level 2.8 Conjurations
 + Level 1.8 Hexes
 + Level 1.8 Summonings
 + Level 1.8 Necromancy
 + Level 1.8 Translocations
 + Level 1.8 Transmutations
 + Level 1.8 Fire Magic
 + Level 1.8 Ice Magic
 + Level 5.7 Air Magic
 + Level 1.8 Earth Magic
 + Level 1.8 Poison Magic
 + Level 2.4 Invocations
 + Level 2.2 Evocations


You had 2 spell levels left.
You knew the following spells:

 Your Spells              Type           Power      Damage    Failure   Level
a - Shock                 Conj/Air       72%        1d7       2%          1
b - Airstrike             Air            11%        N/A       14%         4
c - Lightning Bolt        Conj/Air       9%         1d21      56%         5
d - Static Discharge      Conj/Air       18%        N/A       3%          2
e - Swiftness             Air            22%        N/A       4%          3

Your spell library contained the following spells:

 Spells                   Type           Power      Damage    Failure   Level
 Summon Small Mammal      Summ           40%        N/A       7%          1
 Call Canine Familiar     Summ           10%        N/A       21%         3
 Gell's Gravitas          Tloc           10%        N/A       21%         3
 Lesser Beckoning         Tloc           10%        N/A       21%         3
 Summon Guardian Golem    Hex/Summ       10%        N/A       21%         3
 Teleport Other           Tloc           10%        N/A       21%         3
 Maxwell's Capacitive Co  Air            11%        ∞         100%        8


Dungeon Overview and Level Annotations

Branches:
Dungeon (5/15)
 Temple: D:4-7

Altars:
Fedhas
Qazlal

Shops:
D:1 =   D:2 (


Innate Abilities, Weirdness & Mutations

You have very sharp teeth.
Your uncanny sense of smell can sniff out nearby items.
Your experience applies equally to all skills.


Message History

Magic restored.
You climb downwards.
The ogre hits you with a +0 giant club!!
Ouch! That really hurt!
There is a stone staircase leading up, spattered with blood here.
Casting: Shock (safe; 2% risk of failure)
Confirm with . or Enter, or press ? or * to list all spells.
The spell is quite dangerous to miscast (14% risk of failure)!
Continue anyway?
Aiming: Airstrike (quite dangerous; 14% risk of failure)
Press: ? - help, Dir - move target, f - ogre
Aim: an ogre, wielding a +0 giant club (empty space bonus: 1/8)
You miscast Airstrike.
You are very lightly contaminated with residual magic.
Nothing appears to happen.
Casting: Airstrike (quite dangerous; 14% risk of failure)
Confirm with . or Enter, or press ? or * to list all spells.
The spell is quite dangerous to miscast (14% risk of failure)!
Continue anyway?
Aiming: Airstrike (quite dangerous; 14% risk of failure)
Press: ? - help, Dir - move target, f/p - ogre
Aim: an ogre, wielding a +0 giant club (empty space bonus: 1/8)
The air twists around and strikes the ogre.
The ogre is moderately wounded.
The ogre barely misses you.
Casting: Airstrike (quite dangerous; 14% risk of failure)
Confirm with . or Enter, or press ? or * to list all spells.
The spell is quite dangerous to miscast (14% risk of failure)!
Continue anyway?
Aiming: Airstrike (quite dangerous; 14% risk of failure)
Press: ? - help, Dir - move target, f/p - ogre
Aim: an ogre, wielding a +0 giant club (moderately wounded, empty space bonus: 1/8)
The air twists around and strikes the ogre.
The ogre is heavily wounded.
The ogre barely misses you. The ogre barely misses you.
You climb upwards.
There is a stone staircase leading down here.
Your magical contamination has completely faded away.
There is a stone staircase leading up here.
The ogre hits you with a +0 giant club!!
Ouch! That really hurt!
You die...

#........# ### #........#
..# ####........# ..#
#...........# ..#
#......>..### ..#
#.........# ..####
#####..#.## .....####
##...O.#
..##....###..##.@#
..#####..##.###..# #.##
###.### #..##
...#####...#####..##
.#..o....#.........#######
...#####...#####.........#
#.## ##.#######........#
#.# #.#..............# #.#
#.######.........#


You could see an ogre.

Vanquished Creatures
  A black bear (D:3)
  A bullfrog (D:4)
  A scorpion (D:4)
  Jessica (D:3)
  An iguana (D:4)
  Terence (D:2)
  Robin (D:2)
  7 adders
  2 worms
  8 orcs (D:3)
  3 ball pythons
  4 bats
  4 endoplasms
  3 giant cockroaches
  11 goblins
  10 hobgoblins
  4 jackals (D:3)
  3 quokkas
  A frilled lizard (D:1)
  5 kobolds
  4 rats
76 creatures vanquished.

Notes
Turn   | Place    | Note
-------+----------+-------------------------------------------
     0 | D:1      | 101zpm the Gnoll Air Elementalist began the quest for the
                  | Orb.
     0 | D:1      | Reached XP level 1. HP: 13/13 MP: 6/6
   130 | D:1      | Found Qaunoq's Jewellery Shoppe.
   211 | D:1      | Reached XP level 2. HP: 19/19 MP: 5/7
  1675 | D:2      | Reached XP level 3. HP: 25/25 MP: 6/9
  1679 | D:2      | Reached skill level 5 in Spellcasting
  1890 | D:2      | Noticed Robin
  1906 | D:2      | Reached skill level 1 in Invocations
  1908 | D:2      | Killed Robin
  2001 | D:2      | Reached skill level 1 in Fighting
  2001 | D:2      | Reached skill level 1 in Short Blades
  2001 | D:2      | Reached skill level 1 in Long Blades
  2001 | D:2      | Reached skill level 1 in Axes
  2001 | D:2      | Reached skill level 1 in Maces & Flails
  2001 | D:2      | Reached skill level 1 in Polearms
  2001 | D:2      | Reached skill level 1 in Staves
  2001 | D:2      | Reached skill level 1 in Slings
  2001 | D:2      | Reached skill level 1 in Bows
  2001 | D:2      | Reached skill level 1 in Crossbows
  2001 | D:2      | Reached skill level 1 in Throwing
  2001 | D:2      | Reached skill level 1 in Armour
  2001 | D:2      | Reached skill level 1 in Shields
  2001 | D:2      | Reached skill level 1 in Unarmed Combat
  2001 | D:2      | Reached skill level 1 in Evocations
  2045 | D:2      | Reached XP level 4. HP: 32/32 MP: 8/11
  2050 | D:2      | Learned a level 4 spell: Airstrike
  2231 | D:2      | Noticed Terence
  2233 | D:2      | Killed Terence
  2234 | D:2      | Reached skill level 1 in Hexes
  2234 | D:2      | Reached skill level 1 in Summonings
  2234 | D:2      | Reached skill level 1 in Necromancy
  2234 | D:2      | Reached skill level 1 in Translocations
  2234 | D:2      | Reached skill level 1 in Transmutations
  2234 | D:2      | Reached skill level 1 in Fire Magic
  2234 | D:2      | Reached skill level 1 in Ice Magic
  2234 | D:2      | Reached skill level 1 in Earth Magic
  2234 | D:2      | Reached skill level 1 in Poison Magic
  2299 | D:2      | Found Vylawk's Weapon Shoppe.
  2300 | D:2      | Found a blossoming altar of Fedhas.
  2606 | D:2      | Found a faded altar of an unknown god.
  2832 | D:3      | Found a stormy altar of Qazlal.
  2836 | D:3      | Reached XP level 5. HP: 37/37 MP: 7/12
  2887 | D:3      | Learned a level 5 spell: Lightning Bolt
  4002 | D:3      | Noticed a black bear
  4004 | D:3      | Killed a black bear
  4005 | D:3      | Reached XP level 6. HP: 44/44 MP: 4/14
  4007 | D:3      | Noticed Jessica
  4008 | D:3      | Killed Jessica
  4176 | D:3      | Learned a level 2 spell: Static Discharge
  4180 | D:3      | Learned a level 3 spell: Swiftness
  4690 | D:4      | Reached skill level 5 in Dodging
  4944 | D:5      | Entered Level 5 of the Dungeon
  5249 | D:4      | Reached XP level 7. HP: 50/50 MP: 3/15
  5370 | D:3      | Slain by an ogre

Illustrated notes

Levels and vault maps discovered:
D:1:      lightli_arrival_quake, layout_rooms, serial_shops, shop,
          chequers_serial_rivers_small_a, chequers_big_river
D:2:      layout_loops_ring, serial_shops, nicolae_square_shop,
          hellmonk_ecumenical_altar_inner_sanctum, basic_altar, uniq_robin,
          uniq_terence
D:3:      layout_rooms, mainiacjoe_overflow_cross_hatched,
          minmay_misc_feat_tower, kennysheep_jessica_study
D:4:      layout_basic, minmay_temple_entry_purple_smoke
D:5:      layout_gridville, led_sif_pool, chequers_serial_rivers_micro_e,
          columned_hall_lemuel, kennysheep_nub, uniq_sigmund

Skill      XL: |  1  2  3  4  5  6 |
---------------+-------------------+-----
Conjurations   | 2 |  2.8
Spellcasting   | 5 |  5.5
Invocations    | 1 2 |  2.4
Fighting       | 1 2 |  2.2
Short Blades   | 1 2 |  2.2
Long Blades    | 1 2 |  2.2
Axes           | 1 2 |  2.2
Maces & Flails | 1 2 |  2.2
Polearms       | 1 2 |  2.2
Staves         | 1 2 |  2.2
Slings         | 1 2 |  2.2
Bows           | 1 2 |  2.2
Crossbows      | 1 2 |  2.2
Throwing       | 1 2 |  2.2
Armour         | 1 2 |  2.2
Shields        | 1 2 |  2.2
Unarmed Combat | 1 2 |  2.2
Evocations     | 1 2 |  2.2
Hexes          | 1 |  1.8
Summonings     | 1 |  1.8
Necromancy     | 1 |  1.8
Translocations | 1 |  1.8
Transmutations | 1 |  1.8
Fire Magic     | 1 |  1.8
Ice Magic      | 1 |  1.8
Earth Magic    | 1 |  1.8
Poison Magic   | 1 |  1.8
Dodging        | 5 |  5.1
Stealth        | |  4.7
Air Magic      | |  5.7

Action                   |  1- 3 |  4- 6 |  7- 9 || total
-------------------------+-------+-------+-------++-------
Melee: Unarmed           |     2 |     1 |       ||     3
       Punch             |     1 |       |       ||     1
 Cast: Shock             |    62 |    27 |       ||    89
       Airstrike         |       |    39 |     2 ||    41
       Lightning Bolt    |       |     1 |       ||     1
Armor: Robe              |     1 |     1 |       ||     2
Dodge: Dodged            |     4 |    16 |     3 ||    23
Block: Kite shield       |       |     1 |       ||     1
